 Dungeon Crawl Stone Soup version 0.30-b1-2-g02819fbbbe (webtiles) character file.

Game seed: 9204058043527557973

1834045 Flugkiller the Hawkeye (level 24, 183/201 (205) HPs)
             Began as a Minotaur Fighter on May 17, 2023.
             Was a High Priest of Lugonu.
             Escaped with the Orb
             ... and 3 runes!
             The game lasted 01:58:51 (53693 turns).

Flugkiller the Hawkeye (Minotaur Fighter)          Turns: 53693, Time: 01:58:51

HP:   183/201 (205) AC: 34    Str: 31    XL:     24   Next: 28%
MP:   19/34         EV: 14    Int:  3    God:    Lugonu [*****.]
Gold: 1350          SH: 23    Dex: 13    Spells: 23/23 levels left

rFire   + + +        b - +3 demon whip (spect)
rCold   + + .        S - +2 tower shield {AC+3}
rNeg    + . .        k - +4 gold dragon scales
rPois   +            E - +2 hat
rElec   +            u - scarf {rC+ rF+}
rCorr   .            f - +1 pair of gloves "Xaharuke" {rElec}
SInv    .            K - +2 pair of boots
Will    +++..        M - amulet of regeneration Stlth
                     o - ring of the Present {rElec rF+ rN+ Will+ Dex-3}
HPRegen 1.33/turn    m - ring of willpower
MPRegen 0.24/turn

%: no passive effects
@: magic-sapped, lightly drained
A: horns 2, frail 1, no stealth, hated by all, no hexes magic, no ice magic, no
translocations magic, reduced AC 1, missing an eye, retaliatory headbutt, agile
1, deterioration 1, dopey 1, strong 1, inability to drink after injury 1, sturdy
frame 1
0: Orb of Zot
}: 3/15 runes: decaying, abyssal, gossamer
a: Renounce Religion, Depart the Abyss, Banish, Corrupt, Enter the Abyss


You escaped.
You worshipped Lugonu.
Lugonu was extremely pleased with you.
You visited 9 branches of the dungeon, and saw 44 of its levels.
You visited the Abyss 10 times.
You visited 2 bazaars.
You also visited: Sewer, Bailey and Wizlab.

You collected 6383 gold pieces.
You spent 5033 gold pieces at shops.

Inventory:

Hand Weapons
 a - a +9 vampiric demon whip
   (You took it off a spriggan defender on level 2 of the Depths)
 b - a +3 spectral demon whip (weapon)
   (You took it off Asterion on level 2 of the Spider Nest)
Missiles
 c - 29 boomerangs
 v - 5 silver javelins (quivered)
 y - 19 javelins
 C - 6 throwing nets
 N - 11 curare-tipped darts
 O - 9 silver boomerangs
Armour
 f - the +1 pair of gloves "Xaharuke" (worn) {rElec}
   (You found it in a wizard's laboratory)

   rElec:     It insulates you from electricity.
 k - +4 gold dragon scales (worn)
   (You found it on level 3 of the Depths)
 u - a scarf of resistance (worn)
   (You found it on level 1 of the Spider Nest)
 E - a +2 hat (worn)
   (You found it on level 4 of the Dungeon)
 K - a +2 pair of boots (worn)
   (You found it on level 8 of the Dungeon)
 S - a +2 tower shield of protection (worn)
   (You took it off Mennas on level 3 of the Vaults)
 V - the quicksilver dragon scales of Conscience {rF+ Will+ Int+2}
   (You found it on level 1 of the Depths)

   Int:       It affects your intelligence (+2).
   rF:        It protects you from fire.
   Will:      It increases your willpower.
Jewellery
 j - a +4 ring of slaying
   (You found it on level 3 of the Spider Nest)
 m - a ring of willpower (right hand)
   (You found it on level 7 of the Dungeon)
 o - the ring of the Present (left hand) {rElec rF+ rN+ Will+ Dex-3}
   (You found it on level 5 of the Realm of Zot)

   [ring of positive energy]

   Dex:       It affects your dexterity (-3).
   rF:        It protects you from fire.
   rElec:     It insulates you from electricity.
   rN:        It protects you from negative energy.
   Will:      It increases your willpower.
 p - a ring of protection from fire
   (You found it on level 1 of the Depths)
 M - an amulet of regeneration (around neck)
   (You found it on level 9 of the Dungeon)
 P - the ring of Ropteikk {Fly rElec Int+5}
   (You bought it in a shop in a bazaar)

   [ring of flight]

   Int:       It affects your intelligence (+5).
   rElec:     It insulates you from electricity.
   Fly:       It grants you flight.
 Q - a +6 ring of dexterity
   (You found it on level 3 of the Swamp)
Wands
 i - a wand of digging (20)
   (You found it on level 3 of the Dungeon)
 B - a wand of quicksilver (30)
   (You found it on level 11 of the Dungeon)
 J - a wand of mindburst (79)
   (You found it on level 4 of the Dungeon)
 L - a wand of iceblast (41)
   (You found it on level 9 of the Dungeon)
 Z - a wand of paralysis (49)
   (You found it on level 7 of the Dungeon)
Scrolls
 g - 12 scrolls of poison
 s - 10 scrolls of immolation
 t - 7 scrolls of teleportation
 A - a scroll of silence
 F - 12 scrolls of vulnerability
 G - a scroll of fear
 H - 6 scrolls of fog
Potions
 d - 4 potions of might
 e - 2 potions of berserk rage
 h - 2 potions of haste
 l - 10 potions of magic
 n - 4 potions of resistance
 q - 11 potions of curing
 r - 7 potions of ambrosia
 x - 7 potions of mutation
 D - 7 potions of attraction
 I - a potion of invisibility
 U - 3 potions of brilliance
 Y - 14 potions of flight
Miscellaneous
 T - a condenser vane
   (You found it on level 11 of the Dungeon)
 W - a phial of floods
   (You found it on level 3 of the Lair of Beasts)


   Skills:
 - Level 21.1 Fighting
 - Level 18.0(18.5) Axes
 - Level 7.8(14.0) Maces & Flails
 - Level 21.3 Throwing
 - Level 21.1 Armour
 - Level 17.0 Dodging
 * Level 20.1 Shields
 - Level 16.4 Invocations
 - Level 10.0 Evocations


You had 23 spell levels left.
You didn't know any spells.
Your spell library contained the following spells:

 Spells                   Type           Power      Damage    Failure   Level
 Kiss of Death            Conj/Necr      0%         2d5       99%         1
 Magic Dart               Conj           0%         1d3       99%         1
 Sting                    Tmut/Pois      0%         1d3       99%         1
 Cigotuvi's Dreadful Rot  Necr/Pois/Air  0%         N/A       100%        2
 Poisonous Vapours        Pois/Air       0%         N/A       100%        2
 Ignite Poison            Fire/Tmut/Pois 0%         N/A       100%        3
 Mephitic Cloud           Conj/Pois/Air  0%         N/A       100%        3
 Vampiric Draining        Necr           0%         2d6       100%        3
 Dispel Undead            Necr           0%         3d6       100%        4
 Olgreb's Toxic Radiance  Pois           0%         N/A       100%        4
 Sticky Flame             Conj/Fire      0%         2d3       100%        4
 Arcjolt                  Conj/Air       0%         1d10      100%        5
 Conjure Ball Lightning   Conj/Air       0%         3x3d6     100%        6
 Plasma Beam              Fire/Air       0%         2x1d11    100%        6
 Starburst                Conj/Fire      0%         6d3       100%        6
 Orb of Destruction       Conj           0%         9d5       100%        7
 Ignition                 Fire           0%         3d3       100%        8
 Lehudib's Crystal Spear  Conj/Erth      0%         10d2      100%        8
 Slow                     Hex            Unusable   N/A       N/A         1
 Call Imp                 Summ           Unusable   N/A       N/A         2
 Confusing Touch          Hex            Unusable   N/A       N/A         3
 Dazzling Flash           Conj/Hex       Unusable   N/A       N/A         3
 Summon Guardian Golem    Hex/Summ       Unusable   N/A       N/A         3
 Vhi's Electric Charge    Tloc/Air       Unusable   N/A       N/A         3
 Volatile Blastmotes      Fire/Tloc      Unusable   2d10      N/A         3
 Iskenderun's Mystic Bla  Conj/Tloc      Unusable   2d3       N/A         4
 Passage of Golubria      Tloc           Unusable   N/A       N/A         4
 Silence                  Hex/Air        Unusable   N/A       N/A         5
 Death Channel            Necr           Unusable   N/A       N/A         6
 Spellforged Servitor     Conj/Summ      Unusable   N/A       N/A         7
 Discord                  Hex            Unusable   N/A       N/A         8
 Disjunction              Tloc           Unusable   N/A       N/A         8

Dungeon Overview and Level Annotations

Branches:
Dungeon (15/15)            Temple (1/1) D:4            Lair (5/5) D:11
  Swamp (4/4) Lair:3       Spider (4/4) Lair:2        Slime (0/5) Lair:5
    Orc (2/2) D:10            Elf (0/3) Orc:2        Vaults (4/5) D:13
  Crypt (0/3) Vaults:3     Depths (4/4) D:15            Zot (5/5) Depths:4
  Sewer (visited)          Bailey (visited)          WizLab (visited)

Altars:
Ashenzari
Cheibriados
Dithmenos
Elyvilon
Gozag
Kikubaaqudgha
Makhleb
Nemelex Xobeh
Okawaru
Qazlal
Ru
Sif Muna
Trog
Uskayaw
Vehumet
Wu Jian
Xom
Zin
The Shining One
Lugonu

Shops:
D:6 *   D:7 =   Orc:2 =?(!   Vaults:3 (   Vaults:4 [   Depths:3 (*=[

Portals:
Hell: Depths:1 Depths:2 Depths:3 Depths:4
Abyss: D:10 Depths:2 Depths:3 Depths:4
Pandemonium: Depths:1 Depths:2
Ziggurat: Depths:2
Trove: Vaults:4 (show abyssal rune of Zot)

Annotations:
D:1 1 transporter
D:3 3 runed translucent doors, eelars's ghost, amateur MiFi
D:4 3 runed translucent doors, 0o0o's ghost, amateur DjHW
D:6 5 runed translucent doors, Shym's ghost, novice HOMo
D:13 exclusions: hell hound and 1 more exclusion
Lair:5 2 runed translucent doors, exclusion: oklob plant
Vaults:1 3 runed translucent doors, Silenth's ghost, adept DrFE
Vaults:2 2 transporters, quaternion's ghost, veteran MiFi; vegansnacktivist's ghost, adept DDFi
Vaults:3 corrupted
Depths:1 exclusion: orange crystal statue
Zot:5 exclusions: obsidian statue and orange crystal statue


Innate Abilities, Weirdness & Mutations

You have a pair of horns on your head.
You are frail. (-10% HP)
You cannot be stealthy.
You are hated by all.
You cannot study or cast Hexes magic.
You cannot study or cast Ice magic.
You cannot study or cast Translocations magic.
You take slightly more damage. (AC -5)
You are missing an eye, making it more difficult to aim.
You reflexively headbutt those who attack you in melee.
You are agile. (Dex +4, Str/Int -1)
Your body sometimes deteriorates upon taking damage.
You are dopey. (Int -2)
Your muscles are strong. (Str +4, Int/Dex -1)
You occasionally lose the ability to drink potions when taking damage.
Your movements are slightly less encumbered by armour. (ER -2)


Message History

There is an open door here.
There is an open door here.
A shadow demon comes into view.
The shadow demon gestures.
There is a stone staircase leading up here.
You climb upwards.
Level annotation: 1 transporter
There is a stone staircase leading down here.
(D) Dungeon (T) Temple (L) Lair (S) Swamp (N) Spider Nest (M) Slime Pits (O) Orcish Mines (E) Elven Halls (V) Vaults (C) Crypt (U) Depths (H) Hell (Z) Zot
Where to? (Enter - D:1 @ (x,y), ? - help)
You see here 3 poisoned darts.
You hear a chilling moan.
A demonspawn black sun comes into view. It is wielding a +0 glaive.
Unknown command.
The demonspawn black sun mumbles some strange prayers to Kikubaaqudgha.
The demonspawn black sun begins absorbing vital energies!
Something barely misses you.
You see here 7 stones.
Something hits you!
You feel your power leaking away.
You feel your attacks grow feeble.
Deactivating autopickup; reactivate with Ctrl-A.
A demonspawn warmonger comes into view.
It is wielding a +3 great sword of electrocution.
The demonspawn warmonger shouts!
You block the demonspawn black sun's attack.
You closely miss the demonspawn black sun.
Your headbutt misses the demonspawn black sun.
Your +3 spectral demon whip completely misses the demonspawn black sun.
You whack the demonspawn black sun!
The demonspawn black sun is lightly wounded.
Your +3 spectral demon whip barely misses the demonspawn black sun.
The demonspawn black sun barely misses your +3 spectral demon whip.
You block something's attack.
A demonic crawler comes into view.
You closely miss the demonspawn black sun.
Your headbutt misses the demonspawn black sun.
The demonspawn black sun is lightly wounded.
Your +3 spectral demon whip hits the demonspawn black sun.
You barely miss the demonspawn black sun.
Your headbutt misses the demonspawn black sun.
The demonspawn black sun is lightly wounded.
Your +3 spectral demon whip barely misses the demonspawn black sun.
You block the demonspawn black sun's attack.
Something hits you but does no damage.
You barely miss the demonspawn black sun.
Your headbutt misses the demonspawn black sun.
The demonspawn black sun is lightly wounded.
Your +3 spectral demon whip closely misses the demonspawn black sun.
Unknown command.
Press: ? - help, Shift-Dir - straight line, f - demonspawn black sun
Aim: a demonspawn black sun, wielding a +0 glaive and wearing a +0 leather armour (lightly wounded, absorbing vital energies, chance to affect: 62%)
The demonspawn black sun resists with significant effort.
The demonspawn black sun twists and deforms.
Your +3 spectral demon whip disappears.
The demonspawn black sun calls down the wrath of Kikubaaqudgha upon you.
The bolt of negative energy hits you! You partially resist.
You feel drained.
The bolt of negative energy hits something.
Something hits you!
You feel your power leaking away.
You feel as though you will be weak longer.
You don't have enough magic at the moment.
Unknown command.
Unknown command.
Magic courses through your body. Something hits you but does no damage.
The demonspawn black sun calls down the wrath of Kikubaaqudgha upon you.
The bolt of negative energy hits you! You partially resist.
You feel drained.
The bolt of negative energy hits something.
Press: ? - help, Shift-Dir - straight line, f/p - demonspawn black sun
Aim: a demonspawn black sun, wielding a +0 glaive and wearing a +0 leather armour (lightly wounded, absorbing vital energies, misshapen and mutated, chance to affect: 75%)
The demonspawn black sun is devoured by a tear in reality.
Lugonu claims a new guest.
Lugonu is no longer ready to corrupt your weapon.
You block something's attack.
The demonspawn warmonger unwields a +3 great sword of electrocution.
It stops crackling.
The demonspawn warmonger wields a +0 triple crossbow of freezing.
It is covered in frost.
The demonspawn warmonger shoots a bolt.
The bolt closely misses you. Something hits you.
You feel your power leaking away. x2
You block the demonic crawler's attack. x2
The demonic crawler hits you but does no damage.
The demonspawn warmonger shoots a bolt.
The bolt hits you.
The demonic crawler attacks as you move away!
The demonic crawler hits you but does no damage.
You block the demonic crawler's attack. The demonic crawler misses you.
You block the demonic crawler's attack.
The demonic crawler hits you but does no damage.
The demonic crawler misses you. You block something's attack.
The demonspawn warmonger calls down the wrath of its god upon you.
Your magic feels tainted.
The demonspawn warmonger shoots a bolt.
The demonspawn warmonger shoots a bolt.
Your attacks no longer feel as feeble.
There is a staircase leading out of the dungeon here.
Enter note: gg You have escaped!

.............##......###+#######.
.............''......+...........
.............##......#...........
........#######......#...........
........### #.######...........
.)........#####..#####....6....(.
........#....#.#.##.............#
.########....##.#.#.####.######§#
.# #....###@#..# #......... .####
#....##©#.### #......... ....#
##########.# #......... ....#
###.########## ####........
....###......##©...###...........
.....##......##............###...
.....##......##.....##...........
........##....#.....##........)..
....###..........##.##...........


There were no monsters in sight!

Vanquished Creatures
  A dread lich (Zot:5)
  A juggernaut (Depths:3)
  Mennas (Vaults:3)
  Mara (Vaults:3)
  Josephina (Depths:2)
  Margery (Depths:2)
  Frederick (Vaults:3)
  the Lernaean hydra (Swamp:4)
  Bai Suzhen (Depths:2)
  2 caustic shrikes (Depths:3)
  A curse toe (Zot:5)
  2 golden dragons (Depths:3)
  A profane servitor (Abyss:3)
  the Enchantress (Depths:2)
  Nikola (Lair:2)
  An electric golem (Zot:2)
  2 liches
  8 tentacled monstrosities
  A Hell Sentinel (Abyss:3)
  9 Orb Guardians
  A walking crystal tome (WizLab)
  2 walking earthen tomes
  A walking frostbound tome (Depths:3)
  A titan (Depths:3)
  Asterion (Spider:2)
  6 quicksilver dragons
  6 sphinxes
  Agnes (Vaults:4)
  4 death cobs
  5 tengu reavers
  Kirke (Lair:5)
  4 shadow dragons
  5 storm dragons
  7 tentacled starspawn
  5 thorn hunters
  2 strange machines (WizLab)
  5 draconian monks
  2 draconian knights
  7 frost giants
  A fenstrider witch (Swamp:3)
  5 emperor scorpions
  7 fire giants
  11 vault wardens
  An iron dragon (Depths:3)
  A balrug (D:10)
  2 draconian scorchers
  2 orc warlords
  11 draconian shifters
  9 ghost moths
  Aizul (D:15)
  A cacodemon (Abyss:3)
  3 draconian stormcallers
  A reaper (Abyss:3)
  6 stone giants
  13 ironbound preservers
  33 very ugly things
  A broodmother (Spider:3)
  9 spriggan defenders
  6 draconian annihilators
  3 vampire knights
  6 eleionomae (Swamp:3)
  11 ironbound thunderhulks
  8 yellow draconians
  5 black draconians (Zot:1)
  A lorocyproca (Abyss:3)
  Azrael (D:12)
  3 bunyips
  8 green draconians
  9 red draconians
  9 purple draconians
  7 dire elephants
  5 crystal guardians (Depths:1)
  12 white draconians
  4 spark wasps
  8 ettins
  Snorg (D:14)
  2 jiangshi (Depths:1)
  4 shambling mangroves (Swamp:3)
  A merfolk impaler (Depths:1)
  7 entropy weavers
  6 ice dragons
  8 yaktaur captains
  6 great orbs of eyes
  11 rakshasas
  7 fire dragons
  6 spriggan air magi
  A deep elf high priest (Vaults:1)
  3 peacekeepers
  3 ghost crabs
  5 ironbound frosthearts
  A hell beast (D:11)
  A spriggan skeleton (Abyss:3)
  3 vault guards
  16 hydras
  2 jorogumos
  3 catoblepae
  13 centaur warriors
  2 two-headed ogres (D:11)
  3 radroaches
  8 dancing weapons (WizLab)
  A death knight (D:12)
  5 deep troll shamans
  10 alligators
  A death scarab (Spider:3)
  2 vampire magi (Depths:1)
  5 deep troll earth magi
  8 tengu warriors
  10 boulder beetles
  5 hell knights (Depths:2)
  3 thrashing horrors (Abyss:3)
  4 death yaks (Lair:4)
  8 spriggan berserkers
  8 orc high priests
  Urug (Orc:1)
  13 large abominations
  5 sun demons
  3 wretched stars (Abyss:3)
  4 iron trolls
  5 spatial maelstroms (Abyss:3)
  8 pharaoh ants
  3 sun moths
  3 skeletal warriors
  A sixfirhy (Abyss:3)
  53 deep trolls
  10 swamp dragons
  16 orb spiders
  12 wizards
  8 goliath frogs
  12 spriggan druids
  4 glowing orange brains
  A spriggan simulacrum (Depths:2)
  4 phantasmal warriors
  14 bog bodies
  15 ironbound convokers
  8 lindwurms
  5 steelbarb worms
  A necromancer (Vaults:3)
  4 orc sorcerers
  2 orc knights
  3 deep elf pyromancers
  5 harpies (Vaults:3)
  37 starcursed masses
  40 ugly things
  3 will-o-the-wisps
  A wolf spider (shapeshifter) (Depths:3)
  2 cyclopes
  12 wolf spiders
  5 manticores
  A cyclops (shapeshifter) (D:15)
  A moth of wrath (shapeshifter) (D:8)
  2 worldbinders (Abyss:4)
  29 elephants
  15 moths of wrath
  2 rust devils
  18 vault sentinels
  5 black mambas
  7 demonic crawlers
  2 gargoyles
  2 molten gargoyles (Lair:5)
  15 cane toads
  2 smoke demons (Abyss:3)
  An unseen horror (Abyss:3)
  6 torpor snails
  An efreet (D:5)
  An orange demon (Abyss:3)
  A hellion (Abyss:3)
  A kobold demonologist (D:11)
  A storm dragon simulacrum (Depths:2)
  A tormentor (D:14)
  A komodo dragon (shapeshifter) (D:14)
  4 tengu conjurers
  A freezing wraith (D:12)
  4 rime drakes
  8 komodo dragons
  An iron giant simulacrum (Abyss:3)
  5 ancient zymes
  2 polar bears
  A tyrant leech (shapeshifter) (Vaults:2)
  A queen bee (Spider:2)
  25 yaktaurs
  13 meliai
  A red devil (D:11)
  A tengu simulacrum (Depths:2)
  24 hornets
  5 trolls
  29 tarantellas
  A shadow dragon simulacrum (Depths:2)
  18 tyrant leeches
  19 blink frogs
  5 raiju
  A fire giant simulacrum (Depths:2)
  2 culicivoras (shapeshifter)
  30 jumping spiders
  21 culicivoras
  2 centaur simulacra
  39 slime creatures
  3 shadows
  A ynoxinul (D:15)
  37 spriggans
  2 water elementals
  2 wraiths
  8 wyverns
  30 yaks
  4 fire elementals (D:12)
  3 fire bats (Abyss:1)
  8 basilisks
  5 hogs (Lair:5)
  A yak (shapeshifter) (D:15)
  4 chaos spawn (Abyss:3)
  6 neqoxecs
  5 golden eyes
  3 steam dragons
  56 redbacks
  Edmund (D:4)
  11 wargs
  A spatial vortex (Abyss:3)
  15 swamp worms
  22 vampire mosquitoes
  A harpy simulacrum (Abyss:3)
  9 hell hounds
  10 water moccasins
  An acid dragon (D:13)
  3 floating eyes
  8 swamp drakes
  22 orc warriors
  Pargi (Sewer)
  An ice beast (D:7)
  12 wolves
  8 ogres
  2 centaurs
  9 kobold brigands
  10 bullfrogs
  9 small abominations
  An earth elemental (Abyss:4)
  A scorpion (shapeshifter) (D:15)
  3 scorpions
  14 wights
  18 killer bees
  4 jellies
  6 howler monkeys
  3 electric eels (D:11)
  4 lava snakes (Lair:5)
  A quasit (Abyss:3)
  5 hounds
  34 orc priests
  2 gnoll boudas
  2 iron imps
  2 sleepcaps (D:6)
  4 iguanas
  20 orc wizards
  2 hell rats (Lair:1)
  A hound zombie (D:4)
  17 gnolls
  12 adders
  8 river rats (Lair:1)
  A white imp (Abyss:3)
  2 ufetubi
  An adder zombie (D:4)
  A worm (D:3)
  A dart slug (D:1)
  92 orcs
  8 endoplasms
  3 giant cockroaches
  4 goblins
  7 hobgoblins
  3 jackals (Sewer)
  22 kobolds
  6 quokkas
  4 ball pythons
  4 bats
  10 rats
  A briar patch (Swamp:3)
  A butterfly (D:4)
  3 lurking horrors
  A spectral weapon (Swamp:3)
  9 starspawn tentacles
1904 creatures vanquished.

Vanquished Creatures (others)
  A fire giant (Depths:3)
  A draconian knight (Zot:1)
  A draconian shifter (Zot:2)
  A catoblepas (Lair:2)
  2 pharaoh ants
  A wolf spider (Spider:4)
  A cane toad (Lair:3)
  A gargoyle (D:11)
  A yaktaur (Vaults:2)
  A tengu conjurer (D:8)
  2 bloated husks
  A tyrant leech (Swamp:1)
  A hornet (Swamp:3)
  A blink frog (Lair:5)
  A jumping spider (Spider:2)
  A culicivora (Spider:2)
  A spriggan (Swamp:4)
  A fire bat (Abyss:1)
  A fire elemental (D:12)
  3 redbacks (Spider:1)
  A hell hound (D:12)
  A water moccasin (Lair:1)
  A black bear (D:5)
  A swamp drake (Swamp:3)
  A killer bee (Spider:2)
  A lava snake (Lair:5)
  A gnoll (shapeshifter) (Depths:4)
  An orc (D:8)
  A briar patch (Swamp:3)
  2 bushes
  2 demonic plants (Abyss:3)
  8 foxfires
  81 fungi
  A lurking horror (D:10)
  92 plants
  62 spectral weapons
  10 starspawn tentacles
291 creatures vanquished.

Grand Total: 2195 creatures vanquished

Notes
Turn   | Place    | Note
-------+----------+-------------------------------------------
     0 | D:1      | Flugkiller the Minotaur Fighter began the quest for the
                  | Orb.
     0 | D:1      | Reached XP level 1. HP: 19/19 MP: 0/0
    92 | D:1      | Reached XP level 2. HP: 26/27 MP: 1/1
   726 | D:2      | Reached XP level 3. HP: 33/33 MP: 2/2
  1122 | D:2      | Found a blossoming altar of Fedhas.
  1334 | D:2      | Reached XP level 4. HP: 41/41 MP: 3/3
  1728 | D:3      | Noticed a kobold brigand
  1731 | D:3      | Found a runed translucent gate.
  1731 | D:3      | Found a runed translucent gate.
  1731 | D:3      | Found a runed translucent gate.
  1731 | D:3      | Noticed eelars's ghost (amateur MiFi)
  1808 | D:3      | Found a stormy altar of Qazlal.
  1896 | D:3      | Found a blossoming altar of Fedhas.
  2340 | D:4      | Noticed a scorpion
  2349 | D:4      | Killed a scorpion
  2350 | D:4      | Reached XP level 5. HP: 27/47 MP: 4/4
  2439 | D:3      | Reached skill level 5 in Fighting
  2479 | D:4      | Reached skill level 5 in Armour
  2555 | D:4      | Reached XP level 6. HP: 29/56 MP: 5/5
  2672 | D:4      | Found a hazy altar of Hepliaklqana.
  2746 | D:4      | Found a glowing drain.
  2751 | Sewer    | Entered a sewer
  2810 | Sewer    | Noticed Pargi
  2817 | Sewer    | Killed Pargi
  3000 | D:4      | Noticed Edmund
  3006 | D:4      | Killed Edmund
  3007 | D:4      | Reached skill level 5 in Axes
  3007 | D:4      | Reached XP level 7. HP: 47/62 MP: 6/6
  3176 | D:4      | Found a runed translucent gate.
  3176 | D:4      | Found a runed translucent gate.
  3176 | D:4      | Found a runed translucent gate.
  3176 | D:4      | Noticed 0o0o's ghost (amateur DjHW)
  3178 | D:4      | Found a basalt altar of Yredelemnul.
  3195 | D:4      | Reached skill level 5 in Shields
  3210 | D:4      | Found a staircase to the Ecumenical Temple.
  3215 | Temple   | Entered the Ecumenical Temple
  3223 | Temple   | Became a worshipper of Ru the Awakened
  3407 | D:5      | Entered Level 5 of the Dungeon
  3534 | D:5      | Noticed a yak
  3534 | D:5      | Found a shimmering altar of Xom.
  3664 | D:5      | Killed a yak
  3880 | D:5      | Found a broken altar of Ashenzari.
  3987 | D:5      | Found a shadowy altar of Dithmenos.
  3991 | D:5      | Found a white marble altar of Elyvilon.
  3996 | D:5      | Reached XP level 8. HP: 68/71 MP: 7/7
  4107 | D:5      | Found a burning altar of Makhleb.
  4330 | D:6      | Gained mutation: You are hated by all. [Ru sacrifice]
  4330 | D:6      | Reached * piety under Ru
  4330 | D:6      | Reached ** piety under Ru
  4350 | D:6      | Found an ornate altar of the Wu Jian Council.
  4417 | D:6      | Found Kuerph's General Store.
  4420 | D:6      | Bought a potion of mutation for 104 gold pieces
  4420 | D:6      | Bought a scroll of enchant weapon for 97 gold pieces
  4420 | D:6      | Bought a potion of haste for 130 gold pieces
  4676 | D:6      | Found a large runed translucent door.
  4676 | D:6      | Found a large runed translucent door.
  4680 | D:6      | Noticed a troll
  4788 | D:6      | Killed a troll
  4791 | D:6      | Found a large runed translucent door.
  4791 | D:6      | Found a large runed translucent door.
  5158 | D:6      | Found a runed translucent gate.
  5158 | D:6      | Found a runed translucent gate.
  5162 | D:6      | Found a runed translucent gate.
  5165 | D:6      | Noticed Shym's ghost (novice HOMo)
  5418 | D:6      | Noticed a boulder beetle
  5615 | D:6      | Reached XP level 9. HP: 46/82 MP: 8/8
  5711 | D:6      | Identified the +0 trident of Uxeceg {chaos, rC+ Dex+4 SInv}
  6169 | D:7      | Found Hyetitza's Jewellery Shoppe.
  6807 | D:8      | You fall into a shaft and drop 1 floor!
  6818 | D:9      | Found an ancient bone altar of Kikubaaqudgha.
  6833 | D:9      | Gained mutation: You are frail. (-10% HP) [Ru sacrifice]
  6833 | D:9      | Reached *** piety under Ru
  6843 | D:8      | Noticed a tengu conjurer
  7350 | D:8      | Identified the staff of cold "Gomugg" {rPois rC+ rCorr
                  | Str+3 Int+3}
  7351 | D:8      | Noticed a centaur warrior
  7351 | D:8      | Noticed a centaur warrior
  7352 | D:8      | Noticed a manticore
  7715 | D:9      | Reached XP level 10. HP: 83/83 MP: 9/9
  7744 | D:9      | Reached skill level 10 in Armour
  7747 | D:9      | Reached skill level 1 in Evocations
  7752 | D:9      | Reached skill level 10 in Fighting
  8011 | D:10     | Entered Level 10 of the Dungeon
  8042 | D:10     | Found a flagged portal.
  8053 | Bailey   | Entered a bailey
  8082 | Bailey   | Reached skill level 10 in Axes
  8105 | Bailey   | Noticed an orc knight
  8129 | Bailey   | Killed an orc knight
  8245 | Bailey   | Found a bloodstained altar of Trog.
  8368 | D:10     | Gained mutation: You cannot be stealthy. [Ru sacrifice]
  8571 | D:10     | Found a corrupted altar of Lugonu.
  8572 | D:10     | Found a one-way gate to the infinite horrors of the Abyss.
  8742 | D:10     | Found a staircase to the Orcish Mines.
  8836 | D:10     | Found a shimmering blue altar of Sif Muna.
  9039 | D:11     | Noticed a gargoyle
  9044 | D:11     | Killed a gargoyle
  9080 | D:11     | Noticed a two-headed ogre
  9086 | D:11     | Killed a two-headed ogre
  9087 | D:11     | Reached XP level 11. HP: 67/91 MP: 10/10
  9131 | D:11     | Found a staircase to the Lair.
  9248 | D:11     | Noticed a two-headed ogre
  9256 | D:11     | Killed a two-headed ogre
  9649 | D:11     | Paralysed by a hornet for 3 turns
 10068 | Lair:1   | Entered Level 1 of the Lair of Beasts
 10236 | Lair:1   | Gained mutation: You take slightly more damage. (AC -5) [Ru
                  | sacrifice]
 10236 | Lair:1   | Reached **** piety under Ru
 10236 | Lair:1   | Reached ***** piety under Ru
 10351 | Lair:1   | Noticed a boulder beetle
 10363 | Lair:1   | Killed a boulder beetle
 10905 | Lair:2   | Found a burning altar of Makhleb.
 11046 | Lair:2   | Found a hole to the Spider Nest.
 11052 | Lair:2   | Reached XP level 12. HP: 93/101 MP: 11/11
 11167 | Lair:2   | You fall into a shaft and drop 2 floors!
 11225 | Lair:3   | Reached skill level 15 in Axes
 11225 | Lair:3   | Reached XP level 13. HP: 109/109 MP: 12/12
 11226 | Lair:3   | Reached XP level 14. HP: 116/116 MP: 13/13
 11242 | Lair:3   | Reached skill level 10 in Shields
 11533 | Lair:2   | Identified the +6 scale mail of the Gate {Str+3}
 12151 | Lair:3   | Found a staircase to the Swamp.
 13426 | Lair:5   | Entered Level 5 of the Lair of Beasts
 13461 | Lair:5   | Gained mutation: You are missing an eye, making it more
                  | difficult to aim. [Ru sacrifice]
 13477 | Lair:5   | Reached XP level 15. HP: 48/125 MP: 14/14
 13696 | Lair:5   | Found a staircase to the Slime Pits.
 13849 | Lair:5   | Reached skill level 15 in Armour
 13851 | Lair:5   | Reached skill level 15 in Fighting
 14371 | Lair:5   | Found a large runed translucent door.
 14371 | Lair:5   | Found a large runed translucent door.
 14383 | Lair:5   | Noticed Kirke
 14389 | Lair:5   | Reached skill level 10 in Throwing
 14393 | Lair:5   | Killed Kirke
 15018 | D:12     | Found a white marble altar of Elyvilon.
 15058 | D:12     | Noticed Azrael
 15080 | D:12     | Killed Azrael
 15174 | D:12     | Identified the +10 spear "Oklokh" {distort, *Slow rElec rF+
                  | rC++}
 15267 | D:12     | Gained mutation: You cannot study or cast Ice magic. [Ru
                  | sacrifice]
 15267 | D:12     | Gained mutation: You cannot study or cast Hexes magic. [Ru
                  | sacrifice]
 15267 | D:12     | Gained mutation: You cannot study or cast Translocations
                  | magic. [Ru sacrifice]
 15267 | D:12     | Reached ****** piety under Ru
 15802 | D:10     | Fell from the grace of Ru
 15802 | D:10     | Became a worshipper of Lugonu the Unformed
 16169 | D:13     | Reached skill level 1 in Invocations
 17038 | D:13     | Reached * piety under Lugonu
 17044 | D:13     | Found a gate to the Vaults.
 17290 | D:14     | Noticed Snorg
 17301 | D:14     | Killed Snorg
 17598 | D:14     | Found an opulent altar of Gozag.
 18135 | D:15     | Entered Level 15 of the Dungeon
 18229 | D:15     | Found an iron altar of Okawaru.
 18302 | D:15     | Reached ** piety under Lugonu
 18368 | D:15     | Reached XP level 16. HP: 131/136 MP: 17/17
 18865 | D:15     | Found a staircase to the Depths.
 19466 | Orc:1    | Entered Level 1 of the Orcish Mines
 19578 | Orc:2    | Entered Level 2 of the Orcish Mines
 19927 | Orc:2    | Found a staircase to the Elven Halls.
 19967 | Orc:1    | Noticed Urug
 19978 | Orc:1    | Killed Urug
 20015 | Orc:1    | Reached *** piety under Lugonu
 20374 | Orc:2    | Reached **** piety under Lugonu
 20415 | Orc:2    | Reached skill level 5 in Invocations
 20591 | Orc:2    | Found Sittaobb's Weapon Boutique.
 20591 | Orc:2    | Found Zaazesoirph's Distillery.
 20680 | Orc:2    | Reached ***** piety under Lugonu
 20909 | Orc:2    | Found Veegaic's Jewellery Boutique.
 20921 | Orc:2    | Gained mutation: You occasionally lose the ability to drink
                  | potions when taking damage. [a neqoxec]
 20961 | Orc:2    | Found Qoziw's Magic Scroll Emporium.
 20994 | Orc:2    | Bought a scroll of acquirement for 780 gold pieces
 21061 | Orc:2    | Acquired the +18 shield of the Gong {Loud rN+ Will+ rCorr
                  | EV-5}
 21061 | Orc:2    | Found the +18 shield of the Gong {Loud rN+ Will+ rCorr
                  | EV-5}
 21212 | D:8      | Identified the +3 scale mail of Zousuer {rF++ rC-}
 21215 | D:8      | Identified the +5 scimitar "Dragon's Tongue" {heavy, rF+
                  | Int+3}
 21395 | Spider:1 | Entered Level 1 of the Spider Nest
 21407 | Spider:1 | Noticed Nikola
 21639 | Swamp:1  | Entered Level 1 of the Swamp
 23253 | Swamp:2  | Noticed a thorn hunter
 23412 | Swamp:1  | Killed a thorn hunter
 23573 | Swamp:2  | Identified the +0 leather armour of Gallantry {rF+ rN+
                  | Will- Int+3}
 23579 | Swamp:2  | Identified the +7 broad axe of Kewkix {heavy, rElec rF++
                  | rC- Int-2}
 23750 | Swamp:2  | Identified the +1 ring mail of the Mind {rPois Will+}
 23925 | Swamp:3  | Reached XP level 17. HP: 145/145 MP: 21/21
 24106 | Swamp:3  | Reached skill level 1 in Dodging
 24352 | Swamp:3  | Identified the +6 quarterstaff of Pride {venom, rElec
                  | Will++ Dex-4}
 24563 | Swamp:3  | Escaped the Abyss
 24569 | Swamp:3  | Paralysed by a hornet for 2 turns
 24837 | Swamp:2  | Lost mutation: You occasionally lose the ability to drink
                  | potions when taking damage. [potion of mutation]
 24837 | Swamp:2  | Gained mutation: You expend magic power (3 MP) to
                  | strengthen your wands. [potion of mutation]
 24837 | Swamp:2  | Gained mutation: Your movements are slightly less
                  | encumbered by armour. (ER -2) [potion of mutation]
 24837 | Swamp:2  | Gained mutation: You possess an exceptional clarity of
                  | mind. [potion of mutation]
 24927 | Swamp:3  | Reached skill level 5 in Dodging
 25457 | Swamp:4  | Entered Level 4 of the Swamp
 25783 | Swamp:3  | HP: 6/145 [seven-headed hydra (8)]
 25908 | Swamp:3  | Reached skill level 15 in Throwing
 26448 | Swamp:3  | Reached skill level 10 in Invocations
 26594 | Swamp:3  | HP: 3/145 [poison (poison gas)]
 27348 | Swamp:4  | Noticed the 27-headed Lernaean hydra
 27364 | Swamp:4  | Killed the 24-headed Lernaean hydra
 27453 | Swamp:4  | Got a decaying rune of Zot
 27783 | Lair:2   | Killed Nikola
 27784 | Lair:2   | Reached XP level 18. HP: 92/153 MP: 25/25
 29344 | Spider:2 | Reached skill level 10 in Dodging
 30249 | Spider:2 | Reached ****** piety under Lugonu
 30394 | Spider:3 | Noticed Asterion
 30651 | Spider:2 | Killed Asterion
 31164 | Spider:4 | Entered Level 4 of the Spider Nest
 32255 | Spider:4 | Identified the orb of Catatonia {mayhem, rF+ rCorr}
 32286 | Spider:4 | Reached XP level 19. HP: 125/159 MP: 28/28
 32512 | Spider:4 | Lost intelligence.
 32778 | Spider:4 | Identified the +5 leather armour "Sauwaa" {+Inv rC+}
 32799 | Spider:4 | Identified the +2 pair of boots of the Armadillo {Int-4
                  | Dex+4}
 32806 | Spider:4 | Got a gossamer rune of Zot
 33208 | Vaults:1 | Entered Level 1 of the Vaults
 34111 | Vaults:1 | Acquired 737 gold pieces
 34165 | Vaults:1 | Found a runed translucent gate.
 34165 | Vaults:1 | Noticed Silenth's ghost (adept DrFE)
 34166 | Vaults:1 | Found a runed translucent gate.
 34166 | Vaults:1 | Found a runed translucent gate.
 35038 | Vaults:2 | Reached skill level 15 in Invocations
 35183 | Vaults:2 | Escaped the Abyss
 35365 | Vaults:2 | Found a flickering gateway to a bazaar.
 35375 | Bazaar   | Entered a bazaar
 35375 | Bazaar   | Found Qoll's Book Shop.
 35375 | Bazaar   | Found Nopeuf's Jewellery Boutique.
 35395 | Bazaar   | Found Pozxoh's Jewellery Boutique.
 35413 | Bazaar   | Found Ojasutur's Magic Scroll Shoppe.
 35420 | Bazaar   | Bought a scroll of acquirement for 728 gold pieces
 35420 | Bazaar   | Bought a scroll of enchant weapon for 105 gold pieces
 35420 | Bazaar   | Acquired a manual of Dodging
 35461 | Bazaar   | Bought the ring of Ropteikk {Fly rElec Int+5} for 420 gold
                  | pieces
 35461 | Bazaar   | Bought a ring of poison resistance for 200 gold pieces
 35663 | Vaults:2 | Found a transporter.
 35663 | Vaults:2 | Found a transporter.
 35664 | Vaults:2 | Noticed quaternion's ghost (veteran MiFi)
 35665 | Vaults:2 | Noticed vegansnacktivist's ghost (adept DDFi)
 35671 | Vaults:2 | Noticed a dread lich
 36385 | Vaults:3 | Reached XP level 20. HP: 157/168 MP: 30/30
 36518 | Vaults:3 | Noticed Mennas
 36519 | Vaults:3 | Corrupted Vaults:3
 36520 | Vaults:3 | Noticed a bone dragon
 36536 | Vaults:3 | Found a magical portal.
 36536 | Vaults:3 | Noticed Frederick
 36559 | WizLab   | Entered Tukima's Studio
 36713 | WizLab   | Identified the +3 longbow "Starlight" {speed, MP-9 Int+5}
 36714 | WizLab   | Identified the +3 longbow "Starlight" {speed, MP-9 Int+5}
 36849 | WizLab   | Identified the scarf of the Hidden Vale {repulsion,
                  | Rampage}
 36889 | WizLab   | Reached skill level 15 in Shields
 37064 | WizLab   | Noticed Flugkiller's illusion
 37071 | WizLab   | Noticed Flugkiller's illusion
 37094 | WizLab   | Identified the +1 pair of gloves "Xaharuke" {rElec}
 37179 | Vaults:3 | Killed Frederick
 37226 | Vaults:3 | Killed Mennas
 37343 | Vaults:3 | Found a staircase to the Crypt.
 37344 | Vaults:3 | Found an ancient bone altar of Kikubaaqudgha.
 37471 | Vaults:4 | Found a portal to a secret trove of treasure.
 37803 | Abyss:1  | Found a corrupted altar of Lugonu.
 37970 | Vaults:4 | Escaped the Abyss
 38251 | Vaults:3 | Found Mobb's Antique Weapon Emporium.
 38370 | Vaults:3 | Noticed Mara
 38384 | Vaults:3 | Killed Mara
 38983 | Vaults:4 | Paralysed by a great orb of eyes for 5 turns
 39036 | Vaults:4 | Noticed Agnes
 39052 | Vaults:4 | Killed Agnes
 39230 | Vaults:4 | Reached XP level 21. HP: 39/179 MP: 26/31
 39559 | Vaults:4 | Found Rausu's Armour Shop.
 39566 | Vaults:4 | Bought a +7 plate armour of ponderousness for 770 gold
                  | pieces
 40703 | D:10     | Voluntarily entered the Abyss.
 40707 | Abyss:2  | Found a corrupted altar of Lugonu.
 40788 | Abyss:3  | Found a corrupted altar of Lugonu.
 40835 | Abyss:3  | Gained mutation: You do not regenerate when monsters are
                  | visible. [a neqoxec]
 40891 | D:10     | Escaped the Abyss
 40978 | D:10     | Lost mutation: You do not regenerate when monsters are
                  | visible. [potion of mutation]
 40978 | D:10     | Lost mutation: You possess an exceptional clarity of mind.
                  | [potion of mutation]
 40978 | D:10     | Gained mutation: Your mind is acute. (Int +4, Str/Dex -1)
                  | [potion of mutation]
 40978 | D:10     | Gained mutation: You are agile. (Dex +4, Str/Int -1)
                  | [potion of mutation]
 40978 | D:10     | Gained mutation: Your muscles are strong. (Str +4, Int/Dex
                  | -1) [potion of mutation]
 40980 | D:10     | Voluntarily entered the Abyss.
 41051 | Abyss:3  | Found a corrupted altar of Lugonu.
 41054 | Abyss:3  | Paralysed by accursed screaming for 1 turns
 41061 | Abyss:3  | Paralysed by accursed screaming for 1 turns
 41148 | Abyss:3  | Noticed a profane servitor
 41167 | Abyss:3  | Killed a profane servitor
 41227 | D:10     | Escaped the Abyss
 41284 | D:10     | Voluntarily entered the Abyss.
 41299 | Abyss:3  | Found a corrupted altar of Lugonu.
 41321 | Abyss:3  | Paralysed by accursed screaming for 1 turns
 41349 | D:10     | Escaped the Abyss
 41895 | D:10     | Voluntarily entered the Abyss.
 41905 | Abyss:3  | Found a corrupted altar of Lugonu.
 42030 | Abyss:3  | Reached skill level 15 in Dodging
 42063 | D:10     | Escaped the Abyss
 42095 | D:10     | Voluntarily entered the Abyss.
 42363 | Abyss:3  | Gained mutation: You sometimes lose your temper in combat.
                  | [a neqoxec]
 42390 | Abyss:3  | Lost mutation: Your mind is acute. (Int +4, Str/Dex -1)
                  | [potion of mutation]
 42390 | Abyss:3  | Lost mutation: You expend magic power (3 MP) to strengthen
                  | your wands. [potion of mutation]
 42390 | Abyss:3  | Lost mutation: You sometimes lose your temper in combat.
                  | [potion of mutation]
 42390 | Abyss:3  | Gained mutation: Your body sometimes deteriorates upon
                  | taking damage. [potion of mutation]
 42390 | Abyss:3  | Gained mutation: You have an increased reservoir of magic.
                  | (+10% MP) [potion of mutation]
 42428 | Abyss:3  | Noticed a profane servitor
 42741 | D:10     | Escaped the Abyss
 42743 | D:10     | Voluntarily entered the Abyss.
 42749 | Abyss:3  | Found a corrupted altar of Lugonu.
 42797 | Abyss:4  | Found a corrupted altar of Lugonu.
 42799 | Abyss:4  | Found a corrupted altar of Lugonu.
 42804 | Abyss:4  | Found a corrupted altar of Lugonu.
 42958 | Abyss:4  | Got an abyssal rune of Zot
 42960 | D:10     | Escaped the Abyss
 43222 | Depths:1 | Entered Level 1 of the Depths
 43435 | Depths:1 | Noticed Aizul
 43501 | D:15     | Killed Aizul
 43964 | Depths:1 | Identified the quicksilver dragon scales of Conscience {rF+
                  | Will+ Int+2}
 44253 | Depths:1 | Found a gateway to Hell.
 44368 | Depths:1 | Reached XP level 22. HP: 183/188 MP: 36/36
 44512 | Depths:1 | Found a one-way gate leading to the halls of Pandemonium.
 44566 | Depths:1 | Identified the +6 sling "Newtbane" {drain, Fly rElec Str-2
                  | Dex+3}
 44844 | Depths:2 | Noticed Bai Suzhen
 44873 | Depths:2 | Killed Bai Suzhen
 44887 | Depths:2 | Identified the ring "Xuann" {Ice Will+}
 44887 | Depths:2 | Noticed Josephina
 44932 | Depths:2 | Killed Josephina
 45117 | Depths:2 | Found a one-way gateway to a ziggurat.
 45465 | Depths:2 | Noticed Margery
 45529 | Depths:2 | Killed Margery
 45793 | Depths:2 | Noticed the Enchantress
 46035 | Depths:2 | Identified the +6 spear of Wikaklol {speed, Str+4}
 46522 | Depths:3 | Noticed a caustic shrike
 46624 | Depths:2 | Killed the Enchantress
 46680 | Depths:3 | Found a flickering gateway to a bazaar.
 46790 | Depths:3 | Reached skill level 1 in Maces & Flails
 46820 | Bazaar   | Entered a bazaar
 46820 | Bazaar   | Found Vovipyvu's Magic Scroll Shoppe.
 46820 | Bazaar   | Found Yleu's Assorted Antiques.
 46820 | Bazaar   | Found Ewoska's Assorted Antiques.
 46822 | Bazaar   | Found Foahea's Antique Armour Emporium.
 46824 | Bazaar   | Bought 3 scrolls of blinking for 202 gold pieces
 46824 | Bazaar   | Bought a scroll of enchant armour for 67 gold pieces
 46824 | Bazaar   | Bought a scroll of magic mapping for 67 gold pieces
 46824 | Bazaar   | Bought a scroll of teleportation for 27 gold pieces
 46824 | Bazaar   | Bought a scroll of teleportation for 27 gold pieces
 46833 | Bazaar   | Bought a murky emerald potion for 25 gold pieces
 46840 | Bazaar   | Bought a scroll of enchant weapon for 202 gold pieces
 46840 | Bazaar   | Bought a scroll of enchant weapon for 202 gold pieces
 46884 | Depths:3 | Noticed a caustic shrike
 46896 | Depths:3 | Killed a caustic shrike
 46968 | Depths:3 | Paralysed by a floating eye for 4 turns
 46982 | Depths:3 | Paralysed by a floating eye for 4 turns
 46997 | Depths:3 | Noticed a golden dragon
 47012 | Depths:3 | Killed a golden dragon
 47035 | Depths:3 | Noticed a juggernaut
 47045 | Depths:3 | Killed a caustic shrike
 47066 | Depths:3 | Killed a juggernaut
 47597 | Depths:3 | Found Wyehaph's Assorted Antiques.
 47603 | Depths:3 | Bought 2 potions of heal wounds for 400 gold pieces
 47821 | Depths:3 | Noticed a golden dragon
 47837 | Depths:3 | Killed a golden dragon
 47950 | Depths:3 | Found Reucimuc's Antique Armour Shoppe.
 47961 | Depths:3 | Bought a twisted scarf for 480 gold pieces
 47961 | Depths:3 | Identified the scarf "Imedifok" {harm, Regen+ Int+3 Dex+2}
                  | (You bought it in a shop on level 3 of the Depths)
 47980 | Depths:3 | Reached skill level 5 in Maces & Flails
 48001 | Depths:3 | Found Jeusem's Jewellery Shoppe.
 48040 | Depths:3 | Found Odoq's Antique Weapon Boutique.
 48220 | Depths:4 | Entered Level 4 of the Depths
 48305 | Depths:3 | Reached XP level 23. HP: 174/198 MP: 37/37
 48397 | Depths:4 | Found a gate to the Realm of Zot.
 49365 | Zot:1    | Entered Level 1 of the Realm of Zot
 49447 | Depths:4 | Reached skill level 5 in Evocations
 51351 | Zot:2    | Escaped the Abyss
 52131 | Zot:5    | Entered Level 5 of the Realm of Zot
 52142 | Zot:5    | Reached XP level 24. HP: 205/205 MP: 37/37
 52544 | Zot:5    | Identified the ring of the Present {rElec rF+ rN+ Will+
                  | Dex-3}
 52987 | Zot:5    | Noticed a dread lich
 53003 | Zot:5    | Killed a dread lich
 53007 | Zot:5    | Reached skill level 10 in Evocations
 53011 | Zot:5    | Noticed an orb of fire
 53012 | Zot:5    | Gained mutation: You are dopey. (Int -2) [an orb of fire]
 53017 | Zot:5    | Noticed a Killer Klown
 53017 | Zot:5    | Noticed a Killer Klown
 53031 | Zot:5    | Noticed a Killer Klown
 53031 | Zot:5    | Got the Orb of Zot
 53037 | Zot:5    | Noticed a dread lich
 53037 | Zot:5    | Noticed a dread lich
 53038 | Zot:5    | Noticed an orb of fire
 53047 | Zot:5    | Gained mutation: You occasionally lose the ability to drink
                  | potions when taking damage. [an orb of fire]
 53048 | Zot:5    | Lost mutation: You have an increased reservoir of magic.
                  | (+10% MP) [an orb of fire]
 53052 | Zot:5    | Noticed an ancient lich
 53057 | Zot:5    | Noticed an orb of fire
 53058 | Zot:5    | Noticed a dread lich
 53058 | Zot:5    | Noticed a Killer Klown
 53059 | Zot:5    | Noticed an ancient lich
 53692 | D:1      | gg
 53693 | D:$      | Escaped with the Orb!

Illustrated notes

.............##......###+#######.
.............''......+...........
.............##......#...........
........#######......#...........
........### #.######...........
.)........#####..#####....6....(.
........#....#.#.##.............#
.########....##.#.#.####.######§#
.# #....###@#..# #......... .####
#....##©#.### #......... ....#
##########.# #......... ....#
###.########## ####........
....###......##©...###...........
.....##......##............###...
.....##......##.....##...........
........##....#.....##........)..
....###..........##.##...........


Turn 53692 on D:1: gg

Levels and vault maps discovered:
D:1:      spicycebolla_arrival_risky_transporter, layout_basic,
          minmay_statues_item
D:2:      minmay_inner_zag, layout_loops_corners, basic_altar
D:3:      layout_basic, grunt_temple_overflow_forces_of_nature,
          gammafunk_ghost_nasty_kobolds
D:4:      layout_basic, nicolae_yredelemnul_ghost_church, lemuel_crystal_altar,
          minmay_temple_entry_butterflies, portal_sewer_entry_e,
          serial_bayou_pond_a, uniq_edmund
D:5:      nicolae_cairo_tiling_very_big, layout_loops_corners,
          overflow_temple_1_default, makhleb_heckhound_becter,
          xom_confusion_cloud, grunt_temple_overflow_open
D:6:      layout_loops_corners, mainiacjoe_overflow_paths, serial_shops,
          nicolae_shop_real_fake_doors, gammafunk_ghost_necromancy,
          minmay_hollow_rounded_squares
D:7:      layout_loops_corners, serial_shops, nicolae_shop_stone
D:8:      cheibrodos_steamvent, layout_rooms, minivault_12
D:9:      layout_small_grid, nicolae_kikubaaqudgha_miasma_corner
D:10:     dreamdust_cave_troll, layout_irregular_city,
          nicolae_overflow_hidden_temple, orc_0_dummy, enter_bailey_4,
          amcnicky_altar_lugonu_corruption
D:11:     layout_basic, grunt_lair_entry_orc_guard_hut
D:12:     layout_roguey, elyvilon_altar_3, uniq_azrael
D:13:     layout_roguey, david_vaults_5, minmay_rotating_lava
D:14:     layout_roguey, nicolae_gozag_seed_capital, uniq_snorg
D:15:     grunt_enter_depths_snipers, layout_rooms, serial_co_window_serial,
          co_window_of_opportunity_a, co_window_corner_a, co_window_paths_a,
          co_window_of_opportunity_a, co_window_of_opportunity_a,
          co_window_corner_b, co_window_corner_b, co_window_unsneaky_path_d,
          co_window_sun, co_window_4corner_b, glass_columns_a, glass_columns_a,
          nrook_loot_triangle, okawaru_metal_pillars_3
Temple:   nicolae_temple_ecumenical_triangle
Lair:1:   layout_loops_ring, serial_bayou_pond_b, kennysheep_rathole
Lair:2:   layout_loops_ring, spider_nest_entry_a, basic_altar,
          lemuel_fruit_fields
Lair:3:   mu_elephants_graveyard, layout_concentric_octagons, swamp_mist_pool,
          beast_lair_carwin_10
Lair:4:   layout_loops_ring
Lair:5:   cheibrodos_lair_end_hotspot, layout_gridlike,
          minmay_slime_entry_oklob_enclosed, lookout_lair_type,
          lemuel_fruit_tree, uniq_kirke
Swamp:1:  nicolae_swamp_ascending_descending_big, layout_basic_swamp,
          nicolae_swamp_triple_paths, infiniplex_staircase_pool_2
Swamp:2:  layout_basic_swamp, nicolae_swamp_orc_logging_accident, swamp_pool1,
          grunt_hermit_hut
Swamp:3:  nzn_winding_woodlands_medium [nzn_winding_woodlands_5x5_perimeter,
          nzn_winding_woodlands_5x15_concentric,
          nzn_winding_woodlands_5x5_cross, nzn_winding_woodlands_hourglass,
          nzn_winding_woodlands_center_pierced_h,
          nzn_winding_woodlands_5x5_default,
          nzn_winding_woodlands_5x5_open_star,
          nzn_winding_woodlands_5x15_river_crossing,
          nzn_winding_woodlands_5x5_default], layout_falls_marsh,
          evilmike_swamp_ruin_house_3, swamp_pool4
Swamp:4:  grunt_swamp_rune_castle, layout_basic_swamp
Spider:1: layout_spider_delve, drop_trap, uniq_nikola
Spider:2: layout_spider_delve, special_room [special_room_bee]
Spider:3: layout_spider_delve, uniq_asterion
Spider:4: grunt_spider_rune_island
Orc:1:    layout_caves, mines2_david, uniq_urug
Orc:2:    st_orc_town, layout_caves
Vaults:1: gammafunk_ghost_ooze, nicolae_vaults_octagons,
          dpeg_vaults_monster_box, hangedman_vaults_slither, v_rooms_3,
          hangedman_vaults_restitches, nicolae_vaults_windows_and_doors_thing,
          nicolae_vaults_surprise_closet, layout_vaults_chaotic_city
Vaults:2: nzn_ghost_randoct, v_misc_11, nicolae_vaults_little_squares_2,
          nicolae_vaults_ninety_degrees, vaults_room_pools,
          vaults_mumra_minichess_inversion, grunt_vaults_hallway_short,
          nicolae_vaults_storage_closets_2, ontoclasm_vaults_gateway,
          vaults_mumra_hex, ontoclasm_vaults_ring_large,
          nicolae_vaults_six-pack, ontoclasm_vaults_loading_screen,
          layout_vaults_omnicross, serial_shops, freezing_bzr
Vaults:3: lightli_enter_wizlab_magi_temple, minmay_crypt_entry_necro_gods,
          grunt_vaults_hallway_short, nicolae_vaults_security_offices_4,
          nicolae_vaults_spaceships, v_misc_2, nicolae_vaults_little_squares_3,
          nicolae_vaults_little_squares_1, dpeg_vaults_monster_row,
          hangedman_vaults_cutoff, nicolae_vaults_meiosis,
          nicolae_vaults_network_square, grunt_vaults_bifocal,
          layout_vaults_maze_bifur, serial_shops, shop, uniq_mara,
          uniq_frederick, uniq_mennas
Vaults:4: grunt_vaults_hallway_short, nicolae_vaults_shelves_hall,
          grunt_vaults_funnel, nicolae_vaults_network_star, v_misc_23,
          v_misc_19, ontoclasm_vaults_eye, nicolae_vaults_closet_pinwheel_3,
          sword_in_stone, nicolae_vaults_taking_the_gang_shopping,
          layout_vaults_omnigrid, enter_trove_0
Depths:1: minmay_crystal_thing, layout_cave_shapes, grunt_pan_entry_zigzag,
          hangedman_geh_valley, kennysheep_cross_room, minivault_10,
          minmay_misc_feat_rugged, kennysheep_generic_room_4, uniq_aizul
Depths:2: minmay_spriggan_fort, layout_gridlike, enter_ziggurat_b,
          abyss_entry_crystal, grunt_metal_band, serial_sigils_hangedman_stare,
          pan_entry, serial_bayou_shore_b, infiniplex_staircase_9_rooms,
          uniq_bai_suzhen, uniq_josephina, uniq_enchantress
Depths:3: minmay_four_inscribed_fans, layout_honeycomb, abyss_entry, hell_entry,
          serial_shops, bzr_entry_gold, nicolae_shop_gaudy_bauble,
          kennysheep_mini_moat, kennysheep_mini, nicolae_shop_window_shopping,
          uniq_margery
Depths:4: grunt_zot_entry_alcove, layout_gridlike, pf_coc_iceberg,
          minmay_strange_pillars, hangedman_abyss_entry_splay
Zot:1:    nicolae_moth_party, layout_gridlike
Zot:2:    layout_onion_interference, uniq_parghit
Zot:3:    layout_misc_corridors, lemuel_flame_loot_1
Zot:4:    layout_cathedral_of_symmetry, grunt_megastairs_4
Zot:5:    layout_cathedral_of_symmetry

Skill      XL: |  1  2  3  4  5  6  7  8  9 10 11 12 13 14 15 16 17 18 19 20 21 22 23 24 |
---------------+-------------------------------------------------------------------------+-----
Fighting       | 4 5 6 8 9 11 12 13 14 16 17 19 20 21 | 21.1
Armour         | 4 5 7 8 9 11 12 13 14 16 17 19 20 21 | 21.1
Axes           | 3 4 5 6 8 9 11 12 15 16 17 18 | 18.0
Shields        | 4 5 6 7 8 9 11 12 14 15 19 20 | 20.1
Evocations     | 2 3 8 10 | 10.0
Throwing       | 6 9 11 13 15 16 18 19 20 21 | 21.3
Invocations    | 3 7 11 13 15 16 | 16.4
Dodging        | 8 11 17 | 17.0
Maces & Flails | 5 7 |  7.8

Action                     |  1- 3 |  4- 6 |  7- 9 | 10-12 | 13-15 | 16-18 | 19-21 | 22-24 || total
---------------------------+-------+-------+-------+-------+-------+-------+-------+-------++-------
  Melee: War axe           |    70 |   102 |   270 |   346 |   935 |   494 |       |       ||  2217
         Headbutt          |     9 |    18 |    56 |    76 |   236 |   363 |   549 |   632 ||  1939
         Broad axe         |       |       |       |       |       |   903 |     6 |       ||   909
         Demon whip        |       |       |       |       |       |   189 |  1815 |  2061 ||  4065
  Throw: Dart              |       |       |       |     7 |     8 |    17 |       |       ||    32
         Javelin           |       |       |       |       |       |    54 |    57 |    22 ||   133
         Boomerang         |       |       |       |       |       |       |    56 |    71 ||   127
 Invoke: Sacrifice Love    |       |       |     1 |       |       |       |       |       ||     1
         Sacrifice Health  |       |       |     1 |     1 |       |       |       |       ||     2
         Sacrifice Stealth |       |       |       |     1 |       |       |       |       ||     1
         Apocalypse        |       |       |       |       |     5 |       |       |       ||     5
         Sacrifice an Eye  |       |       |       |       |     1 |       |       |       ||     1
         Sacrifice Arcana  |       |       |       |       |     1 |       |       |       ||     1
         Banish            |       |       |       |       |       |     9 |     9 |     5 ||    23
         Depart the Abyss  |       |       |       |       |       |     1 |     5 |     1 ||     7
         Enter the Abyss   |       |       |       |       |       |     1 |     2 |     1 ||     4
         Corrupt           |       |       |       |       |       |       |     1 |       ||     1
  Evoke: Wand              |       |     3 |     1 |     9 |     3 |     8 |     5 |     2 ||    31
         Condenser vane    |       |       |       |       |     2 |     4 |     2 |     2 ||    10
         Phial of floods   |       |       |       |       |       |     3 |       |       ||     3
    Use: Scroll            |       |     6 |     7 |     9 |     9 |    26 |     9 |    35 ||   101
         Potion            |       |       |     2 |     3 |     1 |    17 |    12 |    20 ||    55
   Stab: Paralysed         |       |       |     2 |     4 |     3 |       |       |       ||     9
         Invisible         |       |       |       |     5 |     8 |       |       |     5 ||    18
         Distracted        |       |       |       |     1 |     3 |     3 |    43 |    13 ||    63
         Petrified         |       |       |       |       |     5 |       |       |       ||     5
         Petrifying        |       |       |       |       |     1 |       |       |       ||     1
         Confused          |       |       |       |       |       |    12 |       |     3 ||    15
 Armour: Scale mail        |    31 |    34 |    37 |       |   338 |   938 |   168 |       ||  1546
         Plate armour      |       |       |    69 |   174 |    35 |       |   179 |       ||   457
         Chain mail        |       |       |     6 |       |       |       |       |       ||     6
         Skin              |       |       |       |       |       |     6 |       |       ||     6
         Quicksilver drago |       |       |       |       |       |       |     5 |   163 ||   168
         Gold dragon scale |       |       |       |       |       |       |       |   243 ||   243
  Dodge: Dodged            |    36 |    41 |    79 |   118 |   251 |   615 |   379 |   631 ||  2150
  Block: Buckler           |    16 |    31 |    71 |   119 |   203 |   121 |       |       ||   561
         Kite shield       |       |       |       |       |       |  2487 |  1093 |       ||  3580
         Tower shield      |       |       |       |       |       |       |   502 |  1562 ||  2064
